 Dungeon Crawl Stone Soup version 0.21.1-1-g345015f (webtiles) character file.

97 Fang the Skirmisher (level 4, -2/30 HPs)
             Began as a Gargoyle Berserker on May 9, 2018.
             Was a Follower of Trog.
             Slain by a scorpion (5 damage)
             ... on level 2 of the Dungeon.
             The game lasted 00:02:43 (1529 turns).

Fang the Skirmisher (Gargoyle Berserker)            Turns: 1529, Time: 00:02:43

Health: -2/30      AC:  5    Str: 21    XL:     4   Next: 68%
Magic:  4/4        EV: 12    Int:  8    God:    Trog [*.....]
Gold:   66         SH:  0    Dex:  9    Spells: 3/3 levels left

rFire    . . .     SeeInvis .   a - +0 hand axe
rCold    . . .     Gourm    .   (no shield)
rNeg     + . .     Faith    .   b - +0 animal skin
rPois    ∞         Spirit   .   (no helmet)
rElec    +         Reflect  .   (no cloak)
rCorr    .         Harm     .   (no gloves)
MR       .....                  (no boots)
Stlth    +.........             (no amulet)
HPRegen  0.10/turn              (no ring)
MPRegen  0.09/turn              (no ring)

@: no status effects
A: negative energy resistance 1, electricity resistance, unbreathing,
petrification resistance, rot immunity, AC +3
a: Berserk, Burn Spellbooks, Renounce Religion


You were on level 2 of the Dungeon.
You worshipped Trog.
Trog was aware of your devotion.
You were not hungry.

You visited 1 branch of the dungeon, and saw 2 of its levels.

You collected 66 gold pieces.

Inventory:

Hand Weapons
 a - a +0 hand axe (weapon)
Armour
 b - a +0 animal skin (worn)
Jewellery
 j - an uncursed amulet of regeneration {unknown}
Scrolls
 f - a scroll of enchant weapon {unknown}
 g - 2 scrolls of identify {unknown}
 k - a scroll of teleportation {unknown}
 l - a scroll of amnesia {unknown}
Potions
 d - a potion of flight {unknown}
 e - a potion of heal wounds {unknown}
 h - a potion of agility {unknown}
 i - 2 potions of curing {unknown}
Comestibles
 c - 2 rations


   Skills:
 + Level 4.4 Fighting
 + Level 3.5 Axes
 + Level 2.4 Armour
 + Level 2.1 Dodging


You had 3 spell levels left.
You didn't know any spells.

Dungeon Overview and Level Annotations

Branches:
Dungeon (2/15)

Altars:


Innate Abilities, Weirdness & Mutations

You are resistant to torment.
Your stone body is resilient. (AC +3)
You are immune to poison.
You resist negative energy. (rN+)
You are resistant to electric shocks. (rElec)
You can survive without breathing.
You are immune to petrification.
You are immune to rotting.


Message History

You are too injured to fight recklessly!
You are too injured to fight recklessly!
You are too injured to fight recklessly!
You are too injured to fight recklessly!
The scorpion barely misses you.
You hit the scorpion but do no damage.
The scorpion is heavily wounded.
The scorpion stings you.
* * * LOW HITPOINT WARNING * * *
You closely miss the scorpion.
The scorpion is heavily wounded.
The scorpion stings you.
* * * LOW HITPOINT WARNING * * *
You hit the scorpion.
The scorpion is heavily wounded.
The scorpion misses you.
You hit the scorpion.
The scorpion is severely wounded.
The scorpion stings you.
You die...

#### ### .#
#..###.####.#
#...##...#..#
#########...##.#...#
#......###..##.....#
#......# ##........####
#...!..# #.##..#.....#
#.....s####.##.###..#..
#...!.@..<..##.# ##...#
#......####.......###..
#......# #.##.##....#.
#.>....# #.##.# ##...
###.#### #....# #....
#. ... #..### # #.[# ##
.##


You could see a scorpion.

Vanquished Creatures
  A howler monkey (D:2)
  An adder (D:2)
  3 worms (D:2)
  A dart slug (D:1)
  3 leopard geckos (D:1)
  3 bats
  3 giant cockroaches (D:1)
  4 goblins
  6 hobgoblins
  A ball python (D:1)
  A frilled lizard (D:1)
  5 kobolds
  5 rats
37 creatures vanquished.

Notes
Turn   | Place    | Note
-------+----------+-------------------------------------------
     0 | D:1      | Fang the Gargoyle Berserker began the quest for the Orb.
     0 | D:1      | Reached XP level 1. HP: 14/14 MP: 1/1
    75 | D:1      | Reached XP level 2. HP: 18/20 MP: 2/2
   647 | D:1      | Reached skill level 4 in Fighting
   648 | D:1      | Reached XP level 3. HP: 24/24 MP: 3/3
  1130 | D:2      | Reached XP level 4. HP: 30/30 MP: 4/4
  1155 | D:2      | Reached ** piety under Trog
  1529 | D:2      | Slain by a scorpion

Skill      XL: |  1  2  3 |
---------------+----------+-----
Fighting       | 4 |  4.4
Axes           | 3 |  3.5
Dodging        | 2 |  2.1
Armour         | |  2.4

Action                   |  1- 3 |  4- 6 || total
-------------------------+-------+-------++-------
Melee: Hand axe          |    69 |    43 ||   112
Invok: Berserk           |     1 |     1 ||     2
 Stab: Sleeping          |     1 |       ||     1
  Eat: Chunk             |       |     4 ||     4
Armor: Animal skin       |    26 |     9 ||    35
Dodge: Dodged            |    54 |    14 ||    68
